 Dungeon Crawl Stone Soup version 0.28-a0-1555-g9ae15a6949 (webtiles) character file.

Game seed: 3671181929781155876

308 sbbq2022 the Changer (level 6, -6/55 HPs)
             Began as a Deep Dwarf Transmuter on Jan 19, 2022.
             Killed from afar by an acid dragon (21 damage)
             ... with a splash of acid
             ... on level 6 of the Dungeon.
             The game lasted 00:06:01 (3029 turns).

sbbq2022 the Changer (Deep Dwarf Transmuter)        Turns: 3029, Time: 00:06:02

Health: -6/55      AC:  4    Str: 19    XL:     6   Next: 17%
Magic:  9/10       EV: 12    Int: 16    God:
Gold:   83         SH:  0    Dex: 13    Spells: 7/10 levels left

rFire   . . .      SeeInvis .   r - +2 hand axe (freeze)
rCold   . . .      Faith    .   (no shield)
rNeg    . . .      Spirit   .   t - +0 ring mail
rPois   .          Reflect  .   b - +2 helmet
rElec   .          Harm     .   (no cloak)
rCorr   .          Rampage  .   (no gloves)
Will    .....                   (no boots)
Stlth   +.........              (no amulet)
HPRegen 0.00/turn               n - +6 ring of strength
MPRegen 0.12/turn               (no ring)

@: wereblooded, corroded
A: damage resistance, heal wounds, sense surroundings 1, no regeneration
a: Heal Wounds


You were on level 6 of the Dungeon.
You visited 1 branch of the dungeon, and saw 6 of its levels.

You collected 83 gold pieces.

Inventory:

Hand Weapons
 r - a +2 hand axe of freezing (weapon)
Missiles
 d - 138 stones
 j - 6 silver javelins (quivered)
Armour
 b - a +2 helmet (worn)
 t - a +0 ring mail (worn)
Jewellery
 n - a +6 ring of strength (left hand)
Wands
 l - a wand of polymorph (11)
 q - a wand of paralysis (8)
Scrolls
 a - a scroll of silence {unknown}
 c - a scroll of vulnerability {unknown}
 e - a scroll of acquirement {unknown}
 f - 6 scrolls of identify {unknown}
 h - a scroll of holy word {unknown}
 k - 2 scrolls of teleportation {unknown}
 p - a scroll of enchant armour {unknown}
Potions
 g - a potion of resistance {unknown}
 i - 3 potions of curing {unknown}
 m - a potion of magic {unknown}
 o - a potion of mutation {unknown}
 s - 2 potions of flight {unknown}


   Skills:
 + Level 2.4 Fighting
 + Level 2.4 Armour
 + Level 3.4 Dodging
 - Level 2.6 Unarmed Combat
 + Level 2.7 Spellcasting
 * Level 3.6 Transmutations


You had 7 spell levels left.
You knew the following spells:

 Your Spells              Type           Power      Damage    Failure   Level
a - Beastly Appendage     Tmut           26%        N/A       7%          1
b - Wereblood             Tmut           13%        N/A       11%         2

Your spell library contained the following spells:

 Spells                   Type           Power      Damage    Failure   Level
 Spider Form              Tmut/Pois      8%         N/A       41%         3
 Ice Form                 Ice/Tmut       8%         N/A       83%         4


Dungeon Overview and Level Annotations

Branches:
Dungeon (6/15)
 Temple: D:4-7

Altars:
Fedhas
Gozag
Zin

Shops:
D:6 *

Annotations:
D:3 3 runed translucent doors, jr88keys's ghost, weakling VSEn


Innate Abilities, Weirdness & Mutations

You are resistant to damage.
You can heal yourself by infusing magical energy.
You passively map a small area around you.
You do not regenerate.


Message History

Aiming: Paralyse
Press: ? - help, Shift-Dir - straight line, f - acid dragon
Aim: an acid dragon (chance to affect: 49%)
The acid dragon suddenly stops moving!
Unknown command.
Casting: Wereblood (safe; 11% risk of failure)
Confirm with . or Enter, or press ? or * to list all spells.
Your blood is infused with primal strength.
The helpless acid dragon fails to defend itself.
You hit the acid dragon. You freeze the acid dragon.
The acid dragon is moderately wounded.
The helpless acid dragon fails to defend itself.
You hit the acid dragon. You freeze the acid dragon.
The acid dragon is moderately wounded.
The helpless acid dragon fails to defend itself.
You hit the acid dragon. You freeze the acid dragon.
The acid dragon is moderately wounded.
The helpless acid dragon fails to defend itself.
You hit the acid dragon but do no damage.
The acid dragon is moderately wounded.
The helpless acid dragon fails to defend itself.
You hit the acid dragon. You freeze the acid dragon.
The acid dragon is moderately wounded.
The helpless acid dragon fails to defend itself.
You hit the acid dragon but do no damage.
The acid dragon is moderately wounded.
The helpless acid dragon fails to defend itself.
You hit the acid dragon but do no damage.
The acid dragon is moderately wounded.
The acid dragon is no longer paralysed.
The acid dragon bites you.
* * * LOW HITPOINT WARNING * * *
The acid dragon claws you.
* * * LOW HITPOINT WARNING * * *
Aiming: Paralyse
Press: ? - help, Shift-Dir - straight line, f/p - acid dragon
Aim: an acid dragon (moderately wounded, chance to affect: 49%)
The acid dragon resists with some effort.
The acid dragon spits acid at you. The splash of acid hits you!!
You die...

* ## , ..## * ..#
* ...### , #..#*
*#.... , , #..#
#... * * , #...#
#..# * .#
#...##..# #..#
#...#..# #..
#.D@..## #.#* *
#..##..########.#
#..
#...........## #
#..#
#..#####.....###
#.. #..#
##.....#. *..#
#..# ##.......
#.#* #..#
##...###.. #.
#.## ##...####..
, * #.#
##..####....


You could see an acid dragon (catching breath).

Vanquished Creatures
  A black bear (D:6)
  A water moccasin skeleton (D:4)
  A howler monkey (D:4)
  An orc wizard (D:6)
  4 adders
  4 worms (D:2)
  A dart slug (D:2)
  6 orcs
  5 endoplasms
  4 giant cockroaches
  5 goblins
  A hobgoblin (D:2)
  3 jackals (D:2)
  4 kobolds
  A quokka (D:2)
  4 ball pythons
  3 bats
  2 frilled lizards
  2 rats (D:2)
53 creatures vanquished.

Vanquished Creatures (others)
  4 plants (D:3)
4 creatures vanquished.

Grand Total: 57 creatures vanquished

Notes
Turn   | Place    | Note
-------+----------+-------------------------------------------
     0 | D:1      | sbbq2022 the Deep Dwarf Transmuter began the quest for the
                  | Orb.
     0 | D:1      | Reached XP level 1. HP: 16/16 MP: 3/3
    59 | D:1      | Reached skill level 1 in Fighting
   635 | D:1      | Reached XP level 2. HP: 19/25 MP: 4/4
   638 | D:1      | Learned a level 2 spell: Wereblood
  1050 | D:2      | Reached skill level 1 in Armour
  1054 | D:2      | Reached XP level 3. HP: 30/31 MP: 3/6
  1384 | D:2      | Reached XP level 4. HP: 35/38 MP: 7/7
  1828 | D:3      | Found an opulent altar of Gozag.
  1830 | D:3      | Found a blossoming altar of Fedhas.
  2020 | D:3      | Found a runed translucent gate.
  2020 | D:3      | Noticed jr88keys's ghost (weakling VSEn)
  2021 | D:3      | Found a runed translucent gate.
  2026 | D:3      | Found a runed translucent gate.
  2708 | D:4      | Reached XP level 5. HP: 23/45 MP: 5/8
  2751 | D:4      | You fall into a shaft and drop 2 floors!
  2763 | D:5      | Entered Level 5 of the Dungeon
  2800 | D:6      | Found Zin's Purification Station.
  2801 | D:6      | Found a glowing silver altar of Zin.
  2933 | D:6      | Noticed a black bear
  2944 | D:6      | Killed a black bear
  2945 | D:6      | Reached XP level 6. HP: 40/55 MP: 8/10
  3017 | D:6      | Noticed an acid dragon
  3029 | D:6      | Killed from afar by an acid dragon

Illustrated notes

Levels and vault maps discovered:
D:1:      co_arrival_square_in_a_square_in_a_square, layout_basic
D:2:      layout_loops_cross
D:3:      layout_loops_ring, mainiacjoe_overflow_catwalk_spiral,
          gammafunk_ghost_split, serial_bayou_lagoon_b
D:4:      layout_basic, uniq_blork_the_orc
D:5:      layout_basic, nzn_overflow_gifts_of_might_and_magic,
          hangedman_abyss_or_decor_stagger
D:6:      layout_layer_cave, zin_purify, minmay_temple_entry_slanted

Skill      XL: |  1  2  3  4 |
---------------+-------------+-----
Fighting       | 1 2 |  2.4
Transmutations | 2 3 |  3.6
Spellcasting   | 2 |  2.7
Armour         | 1 2 |  2.4
Dodging        | 3 |  3.4
Unarmed Combat | |  2.6

Action                   |  1- 3 |  4- 6 || total
-------------------------+-------+-------++-------
Melee: Spear             |   125 |    46 ||   171
       Whip              |     7 |       ||     7
       Kick              |     5 |     4 ||     9
       Headbutt          |     3 |     2 ||     5
       Unarmed           |     1 |       ||     1
       Punch             |     2 |     1 ||     3
       Hand axe          |       |    49 ||    49
Throw: Stone             |     1 |       ||     1
       Javelin           |       |     3 ||     3
 Cast: Beastly Appendage |     6 |     3 ||     9
       Wereblood         |     6 |    12 ||    18
Evoke: Wand              |       |     2 ||     2
 Stab: Sleeping          |     2 |       ||     2
       Distracted        |     1 |     1 ||     2
       Paralysed         |       |     7 ||     7
Armor: Robe              |    37 |    11 ||    48
       Ring mail         |       |    18 ||    18
Dodge: Dodged            |    65 |    32 ||    97

Table legend: (Time is in decaauts)
 A = Elapsed time spent in this place.
 B = Non-inter-level travel time spent in this place.
 C = Inter-level travel time spent in this place.
 D = Time resting spent in this place.
 E = Time spent auto-exploring this place.
 F = Levels seen in this place.
 G = Mean time per level.
                   A        B        C        D        E       F      G
               +--------+--------+--------+--------+--------+-----+--------+
         Total |   3095 |   2896 |    199 |     12 |   2045 |   6 |  515.8 |
       Dungeon |   3095 |   2896 |    199 |     12 |   2045 |   6 |  515.8 |
               +--------+--------+--------+--------+--------+-----+--------+

Top non-repeatable levels by time:
     D:3: 1010 daAuts
     D:2: 910 daAuts
     D:1: 767 daAuts
     D:6: 284 daAuts
     D:4: 121 daAuts
     D:5: 1 daAuts
